AoeStats
← pedrocfajardo

Black Forest

505915205Analyzed
3v3 RM · 21d ago on Sep 11, 2026· 62m 8s· 6 players
Game mode
Random Map
Map size
Normal (6 player)
Population
200
Speed
Normal
Resources
Standard
Victory
Conquest
Starting age
Dark Age
Ending age
Imperial Age
RankedLock teamsTeams togetherTeam positionsShared explorationLock speedFull tech treeHidden civsTurbo modeCheats
Victory
Defeat
🇧🇷 Ethiopians · Brazil
791
+15
🇧🇷 Saracens · Brazil
765
+24
🇧🇷 Spanish · Brazil
753
+29
🇨🇿 Malay · Czechia
795
-32
🇨🇿 Poles · Czechia
610
-9
🇨🇿 Byzantines · Czechia
605
-9
Majkl
3:28 Loom
11:38 Feudal Age
12:44 Horse Collar
12:52 Double-Bit Axe
16:52 Arson
16:33 Man-at-Arms
26:35 Castle Age
27:37 Elite Skirmisher
32:48 Bow Saw
32:40 Heavy Plow
37:13 Husbandry
37:25 Thumb Ring
44:01 Imperial Age
45:37 Heavy Camel Rider
48:52 Forging
52:32 Iron Casting
53:27 Scale Barding Armor
53:17 Fletching
61:55 Gold Mining
Obe
11:21 Feudal Age
11:24 Man-at-Arms
25:31 Loom
26:12 Double-Bit Axe
56:59 Castle Age
62:14 Bow Saw
romy88
10:27 Feudal Age
10:31 Double-Bit Axe
10:45 Man-at-Arms
11:37 Loom
15:16 Arson
19:08 Forging
26:13 Castle Age
24:27 Gold Mining
27:08 Long Swordsman
27:50 Squires
28:47 Bow Saw
28:58 Husbandry
29:39 Scale Barding Armor
29:29 Horse Collar
34:12 Gold Shaft Mining
33:30 Stone Mining
35:22 Iron Casting
35:59 Treadmill Crane
41:29 Imperial Age
41:07 Forced Levy
41:28 Conscription
40:32 Two-Handed Swordsman
42:17 Wheelbarrow
42:24 Heavy Plow
43:47 Blast Furnace
49:42 Chemistry
pedrocfajardo
13:58 Feudal Age
15:20 Wheelbarrow
15:56 Double-Bit Axe
16:46 Gold Mining
16:46 Stone Mining
20:16 Bloodlines
23:54 Castle Age
26:32 Horse Collar
28:03 Heavy Plow
29:26 Bow Saw
31:24 Hand Cart
32:16 Stone Shaft Mining
32:30 Husbandry
33:43 Sanctity
36:04 Caravan
36:51 Scale Barding Armor
38:18 Coinage
39:44 Chain Barding Armor
43:04 Imperial Age
43:10 Cavalier
44:18 Conscription
44:34 Hoardings
45:34 Two-Man Saw
45:22 Forging
48:21 Iron Casting
49:45 Banking
49:25 Guilds
50:02 Elite Conquistador
53:23 Plate Barding Armor
53:49 Blast Furnace
54:13 Heresy
53:45 Arrowslits
54:16 Fortified Wall
56:33 Padded Archer Armor
56:24 Fletching
56:34 Scale Mail Armor
57:22 Paladin
Marksofthe
7:38 Loom
10:01 Feudal Age
10:33 Double-Bit Axe
20:20 Castle Age
19:27 Fletching
20:26 Crossbowman
22:02 Thumb Ring
26:57 Scale Barding Armor
27:03 Forging
27:51 Bodkin Arrow
38:09 Bow Saw
37:47 Horse Collar
47:44 Imperial Age
46:43 Arson
47:36 Iron Casting
48:23 Caravan
48:18 Arbalester
48:19 Cavalier
49:37 Bracer
52:11 Wheelbarrow
51:23 Town Watch
53:23 Chain Barding Armor
56:03 Chemistry
55:24 Ballistics
60:19 Hand Cart
60:07 Gold Mining
matheuscfajardo
5:42 Loom
10:48 Feudal Age
12:31 Double-Bit Axe
12:29 Horse Collar
22:33 Gold Mining
22:34 Stone Mining
29:04 Castle Age
31:38 Gold Shaft Mining
31:17 Bow Saw
31:10 Heavy Plow
30:43 Elite Skirmisher
37:42 Fletching
40:14 Bodkin Arrow
43:27 Imperial Age
43:26 Scale Barding Armor
43:49 Ballistics
44:30 Caravan
45:20 Fortified Wall
46:33 Chain Barding Armor
46:14 Bracer
47:14 Elite Mameluke
52:33 Plate Barding Armor
56:27 Hoardings
59:53 Chemistry
59:52 Town Watch
61:09 Husbandry
61:19 Bloodlines
60:30 Heavy Camel Rider
Connection lost

Rejoining the realm…

Still unreachable

The connection could not be restored.

Session expired

The server has moved on; the page needs a fresh start.